 Dungeon Crawl Stone Soup version 0.18-a0-1683-gf9322e6 (webtiles) character file.

35204 namelastname112 the Fencer (level 13, -8/119 HPs)
             Began as a White Draconian Berserker on Apr 4, 2016.
             Was a High Priest of Trog.
             Succumbed to Nessos's poison
             ... on level 14 of the Dungeon.
             The game lasted 00:27:13 (17051 turns).

namelastname112 the Fencer (DrBe)                  Turns: 17051, Time: 00:27:13

Health: -8/119     AC: 16    Str: 26    XL:     13   Next: 46%
Magic:  13/13      EV: 20    Int:  8    God:    Trog [*****.]
Gold:   484        SH: 11    Dex: 17    Spells: 0 memorised, 12 levels left

rFire  + . .     SeeInvis .     K - +3 scimitar
rCold  + . .     Gourm    .     (armour unavailable)
rNeg   + . .     Faith    .     Y - +2 buckler {rN+}
rPois  .         Spirit   .     I - +1 hat
rElec  .         Dismiss  .     d - +0 cloak
rCorr  .         Reflect  +     E - +0 pair of gloves
SustAt .         Harm     .     Z - +1 pair of boots {run}
MR     .....                    V - +3 amulet of reflection
Stlth  ++........               S - ring "Dulleeps" {rF+ Str+4 Dex+2}
                                P - +3 ring of protection

@: lethally poisoned (-8 -> -100), exhausted, marked, very slightly
contaminated, slowed, very slow, not resistant to hostile enchantments,
unstealthy
A: breathe frost, unfitting armour, claws 1, cold resistance 1, strong 1, wild
magic 1, cold-blooded, AC +8
a: Breathe Frost, Berserk, Trog's Hand, Brothers in Arms, Burn Spellbooks,
Renounce Religion


You were on level 14 of the Dungeon.
You worshipped Trog.
Trog was extremely pleased with you.
You were near starving.

You visited 1 branch of the dungeon, and saw 14 of its levels.
You also visited: Labyrinth.

You collected 705 gold pieces.
You spent 221 gold pieces at shops.

Inventory:

Hand Weapons
 K - a +3 scimitar (weapon)
Armour
 d - a +0 cloak (worn)
 E - a +0 pair of gloves (worn)
 I - a +1 hat (worn)
 Y - a +2 buckler of positive energy (worn)
 Z - a +1 pair of boots of running (worn)
Jewellery
 p - an uncursed ring of see invisible
 B - an uncursed ring of flight
 N - an uncursed ring of protection from magic
 P - a +3 ring of protection (left hand)
 S - the ring "Dulleeps" (right hand) {rF+ Str+4 Dex+2}
   (You found it in a labyrinth)

   [ring of protection from fire]

   It affects your strength (+4).
   It affects your dexterity (+2).
   It protects you from fire.
 V - a +3 amulet of reflection (around neck)
Wands
 c - a wand of flame (20/48)
 f - a wand of digging (9/24)
 n - a wand of teleportation (5/9)
 r - a wand of paralysis (10/24)
 t - a wand of iceblast (15/15)
 x - a wand of iceblast (1/15)
 M - a wand of digging (7/24)
 R - a wand of enslavement (19/24)
Scrolls
 e - 5 scrolls of identify
 l - 3 scrolls of fear
 o - a scroll of enchant weapon
 q - 3 scrolls of teleportation
 v - 5 scrolls of amnesia
 y - 2 scrolls of immolation
 D - 4 scrolls of remove curse
 F - a scroll of enchant armour
 J - a scroll of holy word
 X - a scroll of magic mapping
Potions
 h - 3 potions of heal wounds
 i - 3 potions of flight
 k - a potion of berserk rage
 m - a potion of magic
 s - a potion of agility
 z - 4 potions of haste
 C - 2 potions of brilliance
 G - 2 potions of might
 L - a potion of invisibility
 O - a potion of curing
Books
 T - a book of Summonings

   Spells                             Type                      Level
   a - Recall                         Summoning/Translocation      3
   b - Aura of Abjuration             Summoning                    5
   c - Summon Demon                   Summoning                    5
   d - Summon Forest                  Summoning/Translocation      5
   e - Summon Mana Viper              Hexes/Summoning              5
   f - Shadow Creatures               Summoning                    6
   Trog disapproves of the use of such an item.
Miscellaneous
 u - a phial of floods (inert)
Comestibles
 b - 6 bread rations
 g - 4 royal jellies
 w - 8 fruits


   Skills:
 + Level 12.3 Fighting
 * Level 15.3 Long Blades
 + Level 10.5 Dodging
 + Level 8.3 Shields


You had 12 spell levels left.
You didn't know any spells.

Dungeon Overview and Level Annotations

Branches:
Dungeon (14/15)            Temple (0/1) D:7            Lair (0/8) D:10
    Orc (0/2) D:10         Vaults (0/5) D:13

Altars:
Ashenzari
Elyvilon
Kikubaaqudgha
Makhleb
Ru
Sif Muna
Trog
Vehumet
Xom
Yredelemnul

Shops:
D:6 %   D:7 :*[   D:14 ?

Annotations:
D:14 Nessos


Innate Abilities, Weirdness & Mutations

You can breathe waves of freezing cold.
You can buffet flying creatures when you breathe cold.
Your icy white scales are hard (AC +8).
Your body does not fit into most forms of armour.
Your flesh is cold resistant.
You are cold-blooded and may be slowed by cold attacks.
You have sharp fingernails.
Your muscles are strong. (Str +2)
Your spells are a little harder to cast, but a little more powerful.


Message History

You are more poisoned.
Drink which item? (? for menu, Esc to quit)
You feel much better.
You feel extremely sick.
Nessos intently looks at you, slowly moving his tail.
Nessos shoots a poisoned arrow.
You reflect the poisoned arrow off an invisible shield around you!
The poisoned arrow closely misses Nessos.
Nessos shoots a poisoned arrow.
The poisoned arrow hits you!!
* * * LOW HITPOINT WARNING * * *
You are more poisoned.
Read which item? (? for menu, Esc to quit)
Blink to where?
Press: ? - help, Dir - move target cursor, p - Nessos Really blink into that teleport trap?
You enter a teleport trap!
The teleport trap disappears.
Your surroundings suddenly seem different.
You are very lightly contaminated with residual magic.
As you read the scroll of blinking, it crumbles to dust.
You die...

#........................
#........................
#<.......................
#........................
#........................
#........................
#..................#####.
#..................# #.
#.......@..........# #.
#..................# #.
#..[...............#####.
#..[[....................
#..........(.............
#........................
#........................
#........................
#........................


There were no monsters in sight!

Vanquished Creatures
  A minotaur (Lab)
  Josephine (D:12)
  4 vault guards (D:13)
  Fannar (D:12)
  The ghost of namelastname112 the Carver, a journeyman DrBe of Trog (D:13)
  A hydra (D:14)
  Urug (D:12)
  7 hill giants
  2 deep elf magi (D:14)
  8 ugly things
  A manticore (D:12)
  A gargoyle (D:14)
  A queen bee (D:8)
  4 trolls
  3 two-headed ogres
  2 shadows
  5 wraiths
  The ghost of namelastname112 the Slasher, an amateur DrBe of Trog (D:4)
  A wyvern (D:8)
  A fire bat (shapeshifter) (D:13)
  22 yaks
  7 basilisks
  A hog (shapeshifter) (D:13)
  2 hungry ghosts
  3 hippogriffs
  A mottled dragon (D:13)
  2 water moccasins
  2 porcupines (D:10)
  5 sky beasts
  An ice beast (D:11)
  4 orc warriors
  5 phantoms
  A wasp (D:13)
  An eye of draining (D:11)
  A necrophage (D:9)
  5 ogres
  11 centaurs
  3 crocodiles (D:10)
  2 earth elementals (Lab)
  A big kobold (D:7)
  8 giant frogs
  A wyvern zombie (D:10)
  2 wyvern skeletons
  2 scorpions
  19 killer bees
  11 wights
  2 howler monkeys
  An electric eel (D:9)
  6 crimson imps
  2 giant frog zombies
  2 quasits
  3 hounds
  4 human zombies (D:9)
  Crazy Yiuf (D:4)
  4 centaur skeletons
  3 orc priests
  3 giant frog skeletons
  5 jellies
  2 human skeletons (D:9)
  6 iguanas
  19 orc wizards
  11 worker ants
  2 hound skeletons
  2 mummies (D:9)
  A worker ant zombie (D:7)
  8 adders
  A howler monkey skeleton (D:10)
  2 river rats (D:10)
  5 shadow imps
  An adder zombie (D:7)
  2 worms
  A dart slug (D:4)
  6 giant geckos
  39 orcs
  5 giant cockroaches
  8 goblins
  8 hobgoblins
  2 jackals (D:1)
  6 kobolds
  6 quokkas
  4 ball pythons
  7 bats
  6 giant newts
  A jackal skeleton (D:9)
  An orc skeleton (D:9)
  3 rats
371 creatures vanquished.

Vanquished Creatures (others)
  A fungus (D:10)
  2 plants (D:10)
3 creatures vanquished.

Grand Total: 374 creatures vanquished

Notes
Turn   | Place    | Note
--------------------------------------------------------------
     0 | D:1      | namelastname112 the Draconian Berserker began the quest for the Orb.
     0 | D:1      | Reached XP level 1. HP: 19/19 MP: 1/1
    35 | D:1      | Reached XP level 2. HP: 8/26 MP: 2/2
   625 | D:1      | Vulkandrache: without atleast some good luck with gear this seems impossible
   643 | D:1      | namelastname112: yeah
   643 | D:1      | namelastname112: you need to be extra lucky
   643 | D:1      | namelastname112: and some monsters can still fuck you up
   643 | D:1      | namelastname112: like shrikes
   653 | D:1      | Vulkandrache: wow
   713 | D:1      | Vulkandrache: these shit birds
   822 | D:2      | Reached ** piety under Trog
   954 | D:2      | namelastname112: or jugs
   954 | D:2      | namelastname112: or iron giants
   954 | D:2      | namelastname112: fuck them
   954 | D:2      | namelastname112: and you need resistances badly
   954 | D:2      | namelastname112: like at least rf+ rc+
   954 | D:2      | Vulkandrache: i had never seen juggernauts till 2 days ago
   954 | D:2      | Reached XP level 3. HP: 26/33 MP: 3/3
  1671 | D:3      | Reached skill level 4 in Long Blades
  1674 | D:3      | Reached XP level 4. HP: 33/40 MP: 4/4
  2011 | D:3      | Found a white marble altar of Elyvilon.
  2071 | D:3      | Vulkandrache: why aer you doing this as a dracocian? for that resist
  2071 | D:3      | namelastname112: well yes
  2071 | D:3      | namelastname112: and i just love dr
  2071 | D:3      | namelastname112: a lot
  2290 | D:3      | Vulkandrache: i tried them over the last few days
  2638 | D:4      | Found a shattered altar of Ashenzari.
  2638 | D:4      | Noticed namelastname112's ghost (amateur DrBe)
  2639 | D:4      | Vulkandrache: but not having access to bodyamor
  2646 | D:4      | Vulkandrache: no thx
  2660 | D:3      | HP: 2/40 [hound (3)]
  2697 | D:3      | Reached XP level 5. HP: 12/47 MP: 5/5
  2895 | D:3      | namelastname112: the thing is
  2895 | D:3      | namelastname112: you can have ac
  2895 | D:3      | namelastname112: and cast
  2962 | D:4      | Vulkandrache: i know
  3204 | D:4      | Killed namelastname112's ghost
  3204 | D:4      | Reached skill level 5 in Long Blades
  3204 | D:4      | Reached XP level 6. HP: 55/55 MP: 6/6
  3282 | D:4      | Reached skill level 5 in Fighting
  3372 | D:4      | Vulkandrache: plus i get frustatred wit the random color
  3673 | D:4      | Reached skill level 6 in Long Blades
  3674 | D:4      | namelastname112: there is really just one shit colout
  3674 | D:4      | namelastname112: colour*
  3674 | D:4      | namelastname112: mottled
  3674 | D:4      | Vulkandrache: we had that
  3674 | D:4      | Vulkandrache: y
  3674 | D:4      | Vulkandrache: thats not it
  3674 | D:4      | namelastname112: all other are good
  3674 | D:4      | Vulkandrache: its the same with DS
  3721 | D:4      | Noticed Crazy Yiuf
  3737 | D:4      | Killed Crazy Yiuf
  3737 | D:4      | Your scales start taking on an icy white colour.
  3737 | D:4      | Reached XP level 7. HP: 25/61 MP: 7/7
  3737 | D:4      | Gained mutation: Your flesh is cold resistant. [White Draconian growth]
  3740 | D:4      | Vulkandrache: i love DS but i would like to be able to choose the mutations
  4171 | D:4      | Vulkandrache: i want to try a black Draco
  4221 | D:4      | Vulkandrache: but i only ever get pale
  4365 | D:5      | Entered Level 5 of the Dungeon
  4379 | D:5      | Found a radiant altar of Vehumet.
  4475 | D:5      | namelastname112: pale is good tho
  4475 | D:5      | Vulkandrache: its boring
  4475 | D:5      | namelastname112: randomness is kinda the point
  4475 | D:5      | namelastname112: of dr and ds
  4589 | D:5      | Found a sacrificial altar of Ru.
  4693 | D:5      | Reached *** piety under Trog
  4948 | D:5      | Found a shattered altar of Ashenzari.
  5175 | D:6      | Found Ecvugidgh's Food Shop.
  5184 | D:6      | Reached skill level 7 in Long Blades
  5468 | D:6      | Reached XP level 8. HP: 29/70 MP: 8/8
  5758 | D:6      | Reached skill level 5 in Dodging
  5955 | D:6      | Found a burning altar of Makhleb.
  6490 | D:7      | Reached skill level 8 in Long Blades
  6517 | D:7      | Found a deep blue altar of Sif Muna.
  6518 | D:7      | Found a shimmering altar of Xom.
  6581 | D:7      | Found a basalt altar of Yredelemnul.
  6584 | D:7      | Found Raorph's General Store.
  6711 | D:7      | Gained mutation: Your spells are a little harder to cast, but a little more powerful. [mutagenic meat]
  6712 | D:7      | Gained mutation: Your body sometimes deteriorates upon taking damage. [mutagenic meat]
  6713 | D:7      | Gained mutation: You are dopey. (Int -2) [mutagenic meat]
  7243 | D:7      | Found a staircase to the Ecumenical Temple.
  7269 | D:7      | Reached XP level 9. HP: 41/79 MP: 9/9
  7453 | D:7      | Found Noyrr's Antique Armour Emporium.
  7457 | D:7      | Bought a pair of embroidered boots for 117 gold pieces
  7457 | D:7      | Bought an embroidered hat for 104 gold pieces
  7557 | D:7      | Reached skill level 9 in Long Blades
  7713 | D:7      | Found Xiss's Book Boutique.
  7976 | D:8      | Reached **** piety under Trog
  8244 | D:8      | Gained mutation: You have sharp toenails. [mutagenic meat]
  8618 | D:8      | Reached skill level 10 in Long Blades
  9122 | D:9      | Reached skill level 11 in Long Blades
  9122 | D:9      | Reached XP level 10. HP: 79/93 MP: 10/10
  9338 | D:9      | Reached skill level 12 in Long Blades
  9572 | D:8      | Reached XP level 11. HP: 69/99 MP: 11/11
 10080 | D:9      | Reached skill level 10 in Fighting
 10116 | D:9      | Found an ancient bone altar of Kikubaaqudgha.
 10219 | D:9      | Reached ***** piety under Trog
 10322 | D:9      | Found a bloodstained altar of Trog.
 10566 | D:10     | Entered Level 10 of the Dungeon
 10566 | D:10     | Found a staircase to the Orcish Mines.
 10719 | D:10     | Found a staircase to the Lair.
 10785 | D:10     | Reached skill level 5 in Shields
 11095 | D:10     | Received a gift from Trog
 11706 | D:11     | Noticed a purple ugly thing
 11725 | D:11     | Killed a purple ugly thing
 11725 | D:11     | Reached skill level 13 in Long Blades
 11741 | D:11     | Gained mutation: Your system is resistant to poisons. [mutagenic meat]
 11743 | D:11     | Gained mutation: Your large and strong wings let you fly indefinitely. [mutagenic meat]
 12075 | D:11     | Noticed a hill giant
 12081 | D:11     | Killed a hill giant
 12252 | D:11     | Noticed a green ugly thing
 12269 | D:11     | Killed a green ugly thing
 12273 | D:11     | Gained mutation: Scrolls take you a little longer to read. [mutagenic meat]
 12274 | D:11     | Lost mutation: You have sharp toenails. [mutagenic meat]
 12275 | D:11     | Gained mutation: Your tail ends in a poisonous barb. [mutagenic meat]
 12276 | D:11     | Gained mutation: Scrolls take you longer to read. [mutagenic meat]
 12288 | D:11     | Noticed a hill giant
 12304 | D:11     | Killed a hill giant
 12363 | D:11     | Noticed a hill giant
 12375 | D:11     | Killed a hill giant
 12375 | D:11     | Reached XP level 12. HP: 44/110 MP: 12/12
 12942 | D:11     | Lost mutation: Scrolls take you longer to read. [potion of cure mutation]
 12942 | D:11     | Lost mutation: Your body sometimes deteriorates upon taking damage. [potion of cure mutation]
 12942 | D:11     | Lost mutation: Your large and strong wings let you fly indefinitely. [potion of cure mutation]
 12942 | D:11     | Lost mutation: Your spells are a little harder to cast, but a little more powerful. [potion of cure mutation]
 12942 | D:11     | Lost mutation: You are dopey. (Int -2) [potion of cure mutation]
 12943 | D:11     | Lost mutation: Your tail ends in a poisonous barb. [potion of cure mutation]
 12943 | D:11     | Lost mutation: Scrolls take you a little longer to read. [potion of cure mutation]
 12943 | D:11     | Lost mutation: Your system is resistant to poisons. [potion of cure mutation]
 12944 | D:11     | Gained mutation: You have sharp fingernails. [potion of beneficial mutation]
 13054 | D:12     | Noticed Josephine
 13069 | D:12     | Killed Josephine
 13300 | D:12     | Noticed Urug
 13307 | D:12     | Killed Urug
 13683 | D:12     | Noticed Fannar
 13705 | D:12     | Killed Fannar
 13967 | D:13     | Reached skill level 14 in Long Blades
 14124 | D:13     | Noticed a vault guard
 14125 | D:13     | Noticed a vault guard
 14125 | D:13     | Noticed a vault guard
 14125 | D:13     | Found a gate to the Vaults.
 14125 | D:13     | Noticed a vault guard
 14153 | D:13     | Killed a vault guard
 14160 | D:13     | Killed a vault guard
 14167 | D:13     | Killed a vault guard
 14181 | D:13     | Killed a vault guard
 14181 | D:13     | Reached skill level 10 in Dodging
 14198 | D:13     | Noticed namelastname112's ghost (journeyman DrBe)
 14916 | D:13     | Killed namelastname112's ghost
 15170 | D:13     | Reached XP level 13. HP: 117/117 MP: 13/13
 15268 | D:14     | Vulkandrache: maybe you go an idea: my installation of 0.17 has no players ghosts appearing
 15268 | D:14     | Gained mutation: Your muscles are strong. (Str +2) [potion of beneficial mutation]
 15269 | D:14     | Gained mutation: Your spells are a little harder to cast, but a little more powerful. [potion of beneficial mutation]
 15272 | D:14     | Vulkandrache: but it should have
 15272 | D:14     | namelastname112: well most players play trunk
 15272 | D:14     | Vulkandrache: not online
 15272 | D:14     | namelastname112: ah
 15272 | D:14     | namelastname112: hm
 15272 | D:14     | namelastname112: maybe some stuff with morgue repository>
 15272 | D:14     | namelastname112: ?
 15302 | D:14     | Vulkandrache: i looked into that
 15303 | D:14     | Found Septyff's Magic Scroll Emporium.
 15325 | D:14     | Received a gift from Trog
 15339 | D:14     | Found a labyrinth entrance.
 15348 | Lab      | Entered a labyrinth
 15504 | Lab      | Vulkandrache: the morgue has plenty of files
 15504 | Lab      | Vulkandrache: but now .bones
 15504 | Lab      | namelastname112: i never played offline
 15504 | Lab      | Vulkandrache: or what it should be
 15504 | Lab      | Vulkandrache: ok
 15504 | Lab      | namelastname112: so i don't really know
 16050 | Lab      | Noticed a minotaur
 16059 | Lab      | Killed a minotaur
 16070 | Lab      | Got a smoking tin ring
 16093 | Lab      | Identified a +1 pair of boots of running (You found it in a labyrinth)
 16094 | Lab      | Identified the ring "Dulleeps" {rF+ Str+4 Dex+2} (You found it in a labyrinth)
 16169 | D:14     | Found a white marble altar of Elyvilon.
 16342 | D:14     | Reached skill level 15 in Long Blades
 16663 | D:14     | Noticed Nessos
 16909 | D:14     | Found a shimmering altar of Xom.
 16909 | D:14     | Found a shimmering altar of Xom.
 16910 | D:14     | Found a shimmering altar of Xom.
 17050 | D:14     | HP: 2/119 [Nessos/poisoned arrow (35)]
 17051 | D:14     | Succumbed to Nessos's poison

Vault maps used:
D:1:      dpeg_arrival_tiny_f, minmay_liquid_box
D:3:      eino_tiny_chamber, elyvilon_altar_1
D:4:      corner_web_ring, minivault_23, ashenzari_altar_1,
          uniq_crazy_yiuf_cottage
D:5:      lemuel_crystal_altar, vehumet_altar_wand_db, first_bread,
          abandoned_shop, kennysheep_nub, nicolae_ru_great_annihilating_truth
D:6:      kennysheep_mini_moat, serial_shops, shop_statue
D:7:      yredelemnul_altar_generic, minitemple, minmay_temple_entry_statues,
          serial_shops, shop, shop_fountains, shop
D:8:      minmay_flawed_box
D:9:      lemuel_crystal_altar, lemuel_mausoleum_altar_kikubaaqudgha,
          david_nohive_1, grunt_decor_arrowhead, kennysheep_small_spiral,
          minmay_strange_pillars
D:10:     minmay_lair_entry_grove
D:12:     kennysheep_generic_room_4, uniq_fannar, uniq_josephine, uniq_urug
D:13:     lightli_vaults_fourway_checkpoint
D:14:     xom_redecorated, lab_entry_generic, serial_shops,
          nicolae_shop_competitors_out_of_business, basic_altar,
          lemuel_flamethrower_3, uniq_nessos
Lab:      labyrinth_hidden_loot, nicolae_lab_dead_end, nicolae_lab_checkerboard,
          nicolae_lab_hexagon, nicolae_lab_swirl, labyrinth_fake_exit,
          nicolae_lab_x

Skill      XL: |  1  2  3  4  5  6  7  8  9 10 11 12 13 |
---------------+----------------------------------------+-----
Fighting       | 4 5 6 7 9 11 12 | 12.3
Long Blades    | 4 5 6 7 8 11 12 13 14 15 | 15.3
Dodging        | 3 4 6 8 9 10 | 10.5
Shields        | 4 6 7 8 |  8.3

Action                   |  1- 3 |  4- 6 |  7- 9 | 10-12 | 13-15 || total
-------------------------+-------+-------+-------+-------+-------++-------
Melee: Falchion          |   106 |   173 |   544 |    65 |       ||   888
       Scimitar          |       |       |       |   619 |   254 ||   873
Invok: Berserk           |     1 |     4 |     6 |    10 |     3 ||    24
       Trog's Hand       |       |     3 |       |     1 |       ||     4
       Burn Spellbooks   |       |       |       |     6 |       ||     6
       Brothers in Arms  |       |       |       |     2 |       ||     2
 Abil: Breathe Frost     |       |       |     5 |     2 |       ||     7
Evoke: Wand              |       |       |       |       |     5 ||     5
       Phial of floods   |       |       |       |       |     1 ||     1
  Use: Potion            |       |     2 |     1 |     3 |     3 ||     9
       Scroll            |       |       |    10 |    17 |     5 ||    32
 Stab: Invisible         |       |     2 |       |       |       ||     2
       Paralysed         |       |       |     3 |       |       ||     3
       Sleeping          |       |       |     5 |     8 |     3 ||    16
       Distracted        |       |       |       |     2 |       ||     2
  Eat: Chunk             |     2 |     5 |    20 |    23 |     5 ||    55
       Beef jerky        |       |     1 |     1 |     3 |       ||     5
       Meat ration       |       |     1 |     1 |     2 |       ||     4
       Bread ration      |       |       |     1 |       |       ||     1
       Pizza             |       |       |       |     1 |       ||     1
       Royal jelly       |       |       |       |     1 |     2 ||     3
